Map: Old Republic LE

Players

HoldTheDoor - Winner!

  • Race: Protoss Protoss
  • League: Diamond
  • Spawn Location: 7:00

Весёлаябуба

  • Race: Terran Terran
  • League: Diamond
  • Spawn Location: 1:00

VOD

Have the link to the VOD?

Description

Time

  • Played on: May 11, 2026, 9:27 a.m.
  • Length: 6:49
Show
View Real Time Build Order
Export as new Build Order

HoldTheDoor Protoss - Winner!

Build Orders:  

Get SALT Encoding   

  12  0:00  Probe  
  13  0:12  Probe  
  14  0:17  Pylon  
  14  0:23  Probe  
  15  0:31  Probe  
  16  0:39  Gateway, Probe  
  16  0:48  Assimilator  
  17  0:50  Probe  
  18  1:05  Gateway  
  18  1:08  Probe  
  19  1:20  Pylon  
  19  1:23  Zealot  
  19  1:29  Cybernetics Core  
  21  1:38  Assimilator  
  21  1:42  Probe  
  22  1:51  Gateway  
  22  1:58  Adept  
  22  2:08  Adept  
  26  2:29  Adept  
  26  2:37  Shield Battery  
  26  2:38  Adept  
  28  2:51  Warp Gate  
  28  2:59  Adept  
  28  3:02  Pylon  
  30  3:20  Probe, Adept  
  33  3:28  Pylon  
  33  3:30  Shield Battery  
  33  3:32  Probe  
  34  3:37  Stargate  
  34  3:38  Stalker  
  34  3:44  Probe  
  37  4:14  Pylon  
  37  4:20  Void Ray  
  41  4:32  Nexus  
  41  4:37  Shield Battery  
  41  4:44  Probe  
  42  4:56  Probe  
  43  5:11  Probe  
  43  5:13  Phoenix  
  46  5:17  Pylon  
  46  5:23  Probe  
  47  5:29  Stalker x2  
  47  5:32  Sentry  
  53  5:35  Probe  
  54  5:42  Pylon  
  54  5:47  Shield Battery, Probe  
  54  5:49  Probe  
  56  6:00  Probe  
  57  6:06  Stalker  
  57  6:07  Stalker x2  
  51  6:34  Stalker x2  
  51  6:35  Stalker  
Show
View Real Time Build Order
Export as new Build Order

Весёлаябуба Terran 

Build Orders:  

Get SALT Encoding   

  12  0:11  Supply Depot  
  12  0:13  SCV  
  13  0:34  Barracks  
  13  0:38  Refinery  
  13  0:53  Barracks  
  13  1:03  Refinery  
  13  1:22  Reaper  
  14  1:31  Orbital Command  
  14  1:40  Reaper  
  15  1:54  Reaper  
  16  2:12  Reaper  
  18  2:30  Reaper  
  18  2:44  Reaper  
  19  3:02  Reaper  
  20  3:17  Reaper, Engineering Bay  
  21  3:25  Supply Depot  
  21  3:26  Barracks  
  21  3:32  Engineering Bay  
  22  3:34  Reaper  
  22  3:48  Terran Infantry Weapons Level 1  
  22  3:52  Supply Depot  
  22  3:55  Reaper  
  23  4:12  Terran Infantry Armor Level 1  
  23  4:16  Reaper  
  24  4:27  Reaper  
  25  4:49  Reaper  
  26  5:00  Reaper  
  26  5:17  Missile Turret  
  26  5:32  Reaper  
Tags
 
Add a new tag
Caveats
  • Supply blocks, unpowered buildings, or Contaminate may cause inaccurate times.
  • Supply counts are checked every 10 seconds.